Map: Rhoskallian EE

Players

MrFercho

  • Race: Zerg Zerg
  • League: Silver
  • Spawn Location: 5:00

TATORREA

  • Race: Protoss Protoss
  • League: Silver
  • Spawn Location: 6:00

ffumagalli - Winner!

  • Race: Terran Terran
  • League: Silver
  • Spawn Location: 11:00

Evolver - Winner!

  • Race: Protoss Protoss
  • League: Silver
  • Spawn Location: 12:00

VOD

Have the link to the VOD?

Description

Time

  • Played on: June 25, 2020, 10:44 p.m.
  • Length: 18:05
Show
View Real Time Build Order
Export as new Build Order

MrFercho Zerg 

Build Orders: Hatch First 

Get SALT Encoding   

  12  0:01  Drone  
  13  0:14  Overlord  
  13  0:23  Drone  
  14  0:35  Drone x2  
  16  0:40  Drone  
  17  0:46  Drone  
  18  1:09  Hatchery  
  17  1:14  Spawning Pool  
  17  1:16  Drone  
  17  1:20  Drone  
  17  1:23  Drone  
  19  1:30  Drone  
  20  1:34  Extractor  
  19  1:40  Drone  
  20  1:54  Overlord  
  20  2:01  Queen  
  22  2:11  Overlord  
  22  2:14  Zergling x2  
  23  2:21  Queen  
  25  2:23  Drone  
  25  2:24  Drone  
  27  2:31  Drone  
  27  2:33  Drone  
  29  2:50  Drone x2  
  31  2:53  Drone  
  31  2:55  Drone  
  33  3:01  Queen  
  35  3:06  Lair  
  35  3:08  Drone  
  35  3:09  Drone  
  37  3:21  Spine Crawler  
  37  3:23  Spine Crawler  
  37  3:25  Overlord x2  
  35  3:27  Drone  
  35  3:31  Extractor, Drone  
  36  3:37  Roach Warren  
  36  3:40  Evolution Chamber  
  34  4:21  Zerg Missile Weapons Level 1  
  34  4:22  Glial Reconstitution  
  34  4:24  Drone x6  
  40  4:33  Extractor  
  40  4:34  Drone x2  
  41  4:41  Drone x2  
  43  4:51  Drone  
  43  4:52  Drone  
  45  5:14  Roach x3  
  45  5:16  Overlord x2  
  45  5:17  Overlord x3, Hatchery  
  49  5:39  Roach x9  
  61  6:28  Hydralisk Den  
  61  6:32  Roach x8  
  80  6:33  Roach x2  
  78  6:47  Drone  
  78  6:48  Drone x3  
  78  6:52  Zerg Missile Weapons Level 2  
  82  7:42  Drone x7  
  89  7:52  Metabolic Boost, Lurker Den  
  89  7:56  Hatchery  
  89  7:58  Extractor  
  86  8:09  Drone  
  86  8:10  Drone x2  
  86  8:12  Overlord x3  
  89  8:13  Overlord x3  
  89  8:33  Hydralisk x6  
  101  9:00  Evolution Chamber  
  66  9:24  Hydralisk  
  66  9:25  Hydralisk x8  
  84  9:35  Zerg Ground Armor Level 1  
  84  9:41  Infestation Pit  
  83  9:48  Hydralisk x6  
  95  9:56  Lurker x2  
  97  10:03  Extractor, Drone  
  97  10:04  Extractor, Drone x11  
  107  10:28  Hydralisk x8  
  123  11:01  Hive  
  123  11:02  Hatchery  
  122  11:04  Hatchery, Burrow  
  122  11:05  Hatchery  
  122  11:08  Overlord x2  
  122  11:09  Overlord x6  
  120  11:11  Hydralisk  
  120  11:12  Hydralisk x6  
  88  11:54  Hydralisk  
  88  11:55  Hydralisk x13  
  88  11:57  Hydralisk  
  102  12:08  Hydralisk  
  102  12:09  Hydralisk x3  
  102  12:11  Zergling x18  
  102  12:12  Zergling x12  
  125  12:23  Zerg Missile Weapons Level 3  
  125  12:37  Zergling x24  
  122  13:07  Overseer x3  
  122  13:08  Overseer x2  
  91  13:13  Hydralisk x6  
  91  13:14  Hydralisk x2  
  90  13:39  Pneumatized Carapace  
  90  13:40  Hydralisk x6  
  102  13:44  Drone  
  102  13:45  Zergling x2  
  102  13:47  Zergling x2  
  105  13:55  Hydralisk x2  
  109  14:07  Hydralisk x3  
  103  14:36  Hydralisk x4  
  111  14:45  Hydralisk x2  
  115  14:59  Hatchery  
  96  15:26  Hydralisk  
  96  15:27  Hydralisk x7  
  94  15:45  Hydralisk x3  
  100  16:23  Drone x14  
  100  16:24  Drone  
  115  16:53  Extractor  
  115  16:54  Extractor, Hydralisk x3  
  113  16:56  Hydralisk x3  
  113  16:57  Hydralisk  
  127  17:06  Hydralisk x2  
  127  17:07  Hydralisk  
  133  17:29  Hatchery  
Show
View Real Time Build Order
Export as new Build Order

TATORREA Protoss 

Build Orders:  

Get SALT Encoding   

  12  0:01  Probe  
  13  0:13  Probe  
  14  0:24  Pylon  
  14  0:25  Probe  
  15  0:42  Probe  
  16  0:45  Gateway  
  16  0:59  Probe  
  17  1:07  Probe  
  17  1:09  Assimilator  
  18  1:16  Probe  
  18  1:25  Pylon  
  19  1:28  Probe  
  20  1:39  Probe  
  21  1:47  Probe  
  21  1:48  Cybernetics Core  
  22  1:55  Probe  
  23  2:01  Assimilator  
  23  2:06  Probe  
  23  2:08  Assimilator  
  24  2:19  Probe  
  24  2:31  Probe  
  25  2:39  Probe  
  26  2:44  Nexus  
  26  2:47  Pylon  
  26  2:50  Pylon  
  26  2:51  Probe  
  26  2:53  Robotics Facility  
  27  2:59  Stalker  
  27  3:03  Warp Gate, Probe  
  30  3:15  Probe  
  31  3:26  Probe  
  31  3:32  Stalker  
  34  3:34  Probe  
  34  3:36  Gateway  
  35  3:43  Probe  
  36  3:52  Immortal  
  36  3:54  Probe  
  41  3:58  Probe  
  42  4:06  Probe  
  43  4:10  Assimilator, Probe  
  43  4:14  Assimilator  
  44  4:18  Probe  
  44  4:22  Probe  
  46  4:30  Probe  
  47  4:32  Observer  
  47  4:35  Probe  
  49  4:42  Probe  
  50  4:47  Probe  
  50  4:48  Gateway  
  50  4:49  Gateway  
  51  4:53  Immortal  
  51  4:54  Probe  
  51  4:59  Probe  
  57  5:02  Nexus  
  57  5:06  Probe  
  58  5:07  Pylon  
  58  5:13  Pylon  
  57  5:32  Stalker  
  59  5:36  Stalker  
  59  5:44  Stalker  
  59  5:47  Stalker  
  49  6:00  Immortal  
  51  6:05  Stalker x2  
  51  6:07  Stalker  
  51  6:10  Stalker  
  57  6:12  Probe  
  57  6:13  Probe  
  54  6:25  Probe  
  59  6:40  Immortal  
  59  6:42  Stalker  
  61  6:52  Pylon  
  61  6:53  Probe  
  62  6:56  Pylon  
  62  7:04  Pylon  
  62  7:10  Probe  
  62  7:12  Shield Battery  
  62  7:14  Shield Battery  
  63  7:16  Stalker x3, Shield Battery  
  63  7:20  Stalker  
  71  7:23  Immortal  
  75  7:33  Probe x2  
  77  7:45  Probe  
  77  7:49  Probe  
  79  7:55  Nexus  
  79  7:57  Probe  
  80  7:59  Pylon  
  80  8:01  Stalker x2, Probe  
  80  8:02  Pylon  
  80  8:04  Pylon  
  85  8:07  Pylon  
  85  8:09  Probe  
  85  8:11  Pylon  
  86  8:17  Probe  
  87  8:28  Probe  
  87  8:29  Probe  
  89  8:40  Probe  
  89  8:41  Probe  
  91  8:52  Probe  
  91  8:53  Probe  
  91  8:54  Nexus  
  93  8:56  Pylon  
  93  8:59  Pylon  
  93  9:04  Probe, Stargate  
  93  9:05  Probe  
  93  9:07  Stargate  
  95  9:15  Probe  
  95  9:16  Probe  
  97  9:17  Probe  
  98  9:26  Gateway  
  98  9:27  Gateway, Probe  
  98  9:28  Probe  
  98  9:29  Gateway  
  98  9:31  Probe  
  101  9:32  Gateway  
  101  9:33  Gateway  
  101  9:37  Assimilator  
  101  9:38  Assimilator  
  101  9:39  Probe  
  102  9:50  Stalker x4  
  110  9:57  Probe x3  
  113  10:09  Probe x3  
  113  10:13  Probe  
  117  10:21  Probe x3  
  118  10:25  Probe  
  118  10:28  Assimilator  
  120  10:29  Assimilator  
  120  10:30  Stalker  
  120  10:33  Probe x3  
  125  10:36  Nexus  
  125  10:39  Assimilator  
  125  10:44  Assimilator  
  125  10:46  Pylon  
  125  10:49  Pylon  
  125  10:50  Pylon  
  125  10:53  Pylon  
  125  10:54  Forge  
  125  10:56  Forge  
  125  10:57  Pylon  
  125  10:58  Forge  
  125  11:01  Fleet Beacon  
  125  11:19  Immortal  
  125  11:20  Protoss Ground Weapons Level 1  
  125  11:21  Protoss Ground Armor Level 1, Protoss Shields Level 1  
  129  11:46  Tempest, Carrier  
  140  12:05  Stalker x4  
  140  12:06  Stalker x3  
  154  12:29  Carrier  
  154  12:30  Stalker x3  
  154  12:31  Stalker x3  
  154  12:32  Stalker x3  
  143  12:50  Tempest  
  104  13:08  Stalker  
  104  13:09  Stalker x4  
  104  13:10  Stalker x4  
  92  13:33  Tempest, Carrier  
  93  13:52  Observer  
  86  14:16  Carrier  
  92  14:37  Tempest  
  86  14:49  Probe x3  
  73  15:01  Probe x3  
  73  15:03  Nexus  
  76  15:07  Nexus  
  76  15:09  Assimilator  
  76  15:13  Assimilator, Probe x3  
  79  15:17  Assimilator  
  79  15:18  Pylon  
  79  15:22  Pylon  
  79  15:23  Pylon  
  79  15:25  Pylon  
  79  15:26  Pylon  
  79  15:31  Pylon  
  72  15:46  Stalker x3  
  72  15:47  Stalker x4  
  72  15:48  Stalker x2  
  90  16:07  Tempest, Carrier  
  90  16:11  Stalker x2  
  103  16:12  Stalker x4  
  103  16:13  Stalker x3  
  111  16:57  Nexus  
  111  16:58  Pylon  
  111  17:00  Pylon x2  
  105  17:01  Pylon  
  105  17:03  Pylon  
  105  17:04  Assimilator x2  
  110  17:11  Tempest  
  110  17:13  Probe x2  
  110  17:14  Probe  
  118  17:31  Shield Battery  
  118  17:32  Shield Battery  
Show
View Real Time Build Order
Export as new Build Order

ffumagalli Terran - Winner!

Build Orders:  

Get SALT Encoding   

  12  0:01  SCV  
  13  0:19  Supply Depot  
  13  0:20  SCV  
  14  0:32  SCV  
  15  0:48  Barracks  
  15  0:51  Supply Depot  
  15  0:52  SCV  
  16  0:57  Refinery  
  16  1:04  SCV  
  17  1:16  SCV  
  18  1:21  Barracks  
  18  1:29  SCV  
  19  1:37  Marine  
  19  1:38  Barracks  
  20  1:47  Orbital Command  
  20  1:55  Marine  
  21  2:12  Marine  
  22  2:26  SCV  
  22  2:29  Marine  
  24  2:30  Marine  
  25  2:38  SCV  
  25  2:39  Marine  
  27  2:46  Supply Depot  
  27  2:47  Marine  
  28  2:58  Marine  
  29  3:05  Command Center  
  29  3:20  Barracks Tech Lab  
  29  3:26  Barracks Tech Lab  
  29  3:29  Barracks Reactor  
  29  3:31  SCV  
  30  3:35  Refinery  
  30  3:42  Combat Shield  
  30  3:43  SCV  
  30  3:48  Stimpack  
  31  3:50  Marine  
  31  3:51  Marine  
  33  3:55  SCV  
  34  4:07  SCV  
  34  4:08  Marine  
  34  4:09  Marine  
  37  4:10  Engineering Bay  
  37  4:17  Marine x2, Factory  
  37  4:22  Orbital Command  
  39  4:26  Marine  
  40  4:35  Marine  
  41  4:40  SCV  
  41  4:41  Refinery  
  41  4:45  Marine, Refinery  
  43  4:46  Marine  
  43  4:51  Terran Infantry Weapons Level 1  
  44  4:53  SCV  
  45  5:10  Factory  
  45  5:16  Starport  
  45  5:19  Factory Tech Lab  
  45  5:21  Marine  
  45  5:22  Marine x2  
  45  5:23  Marine  
  49  5:30  Supply Depot  
  49  5:41  Marine  
  49  5:42  SCV x2  
  52  5:44  Marine x2  
  54  5:51  Marine  
  54  5:54  SCV  
  56  6:11  Marine x3  
  56  6:13  Siege Tank  
  56  6:15  Starport Tech Lab  
  62  6:35  SCV  
  62  6:37  SCV  
  61  6:45  Terran Infantry Armor Level 1  
  60  6:47  SCV  
  60  6:53  Supply Depot  
  61  6:59  Supply Depot, SCV  
  62  7:12  SCV  
  62  7:13  SCV  
  62  7:15  Siege Tank  
  62  7:17  Marine x4  
  63  7:24  SCV  
  63  7:25  SCV  
  65  7:47  SCV, Siege Tank  
  65  7:48  Command Center  
  69  8:04  Fusion Core  
  69  8:08  Starport  
  69  8:19  Siege Tank  
  72  8:21  Medivac  
  72  8:27  Marine x4  
  78  8:49  Starport Tech Lab  
  78  8:50  Supply Depot  
  78  8:59  Medivac, Marine x4, SCV x2  
  86  9:17  Marine x3  
  89  9:31  Battlecruiser  
  95  9:36  Battlecruiser  
  101  9:43  Supply Depot  
  101  9:48  Supply Depot  
  101  9:49  Weapon Refit  
  101  9:50  Supply Depot  
  101  9:56  Armory  
  101  9:59  Armory  
  101  10:03  Starport  
  101  10:06  Supply Depot  
  101  10:07  Starport  
  101  10:11  Starport  
  101  10:14  Supply Depot  
  101  10:27  Orbital Command  
  101  10:30  Supply Depot  
  101  10:37  Supply Depot  
  101  10:45  Starport Tech Lab x2  
  101  10:52  Starport Tech Lab  
  101  10:54  Terran Vehicle And Ship Armor Level 1  
  101  10:55  Terran Ship Weapons Level 1  
  101  11:02  SCV  
  102  11:14  SCV  
  103  11:25  Command Center  
  103  11:26  SCV  
  103  11:27  Battlecruiser  
  110  11:35  Refinery  
  110  11:38  Refinery  
  85  12:43  Battlecruiser  
  91  12:44  Battlecruiser  
  91  12:45  Battlecruiser  
  103  12:51  Terran Ship Weapons Level 2  
  85  13:19  Battlecruiser  
  89  13:37  Orbital Command  
  83  13:58  SCV  
  82  14:11  Refinery  
  82  14:17  Battlecruiser x3  
  89  14:57  Battlecruiser  
  92  15:21  Battlecruiser  
  91  15:32  Refinery  
  85  15:44  Battlecruiser  
  85  15:47  Terran Vehicle And Ship Armor Level 2  
  91  16:17  Command Center  
  91  16:22  Battlecruiser  
  97  16:52  Battlecruiser  
  109  17:39  Command Center  
Show
View Real Time Build Order
Export as new Build Order

Evolver Protoss - Winner!

Build Orders:  

Get SALT Encoding   

  12  0:02  Probe  
  13  0:14  Probe  
  14  0:22  Pylon  
  14  0:26  Probe  
  15  0:43  Gateway  
  15  0:47  Probe  
  16  0:57  Assimilator  
  16  0:59  Probe  
  17  1:08  Assimilator  
  18  1:11  Probe  
  18  1:12  Pylon  
  18  1:19  Probe  
  19  1:27  Probe  
  20  1:34  Zealot, Cybernetics Core  
  20  1:37  Probe  
  23  1:49  Probe  
  24  2:00  Gateway  
  24  2:03  Gateway  
  24  2:08  Pylon  
  24  2:11  Probe  
  24  2:14  Warp Gate  
  25  2:29  Zealot  
  27  2:38  Twilight Council  
  27  2:51  Zealot  
  27  2:53  Adept  
  27  2:57  Zealot  
  33  3:28  Charge  
  33  3:30  Stalker  
  33  3:31  Stalker x2  
  39  4:06  Nexus  
  39  4:09  Pylon  
  39  4:11  Pylon  
  39  4:30  Pylon  
  39  4:31  Stalker x2  
  39  4:35  Probe  
  44  4:47  Probe  
  45  5:04  Robotics Facility, Probe  
  45  5:06  Robotics Facility  
  46  5:16  Probe  
  47  5:26  Zealot x3  
  49  6:02  Immortal x2  
  49  6:03  Probe x2  
  55  6:13  Blink  
  55  6:15  Probe x2  
  55  6:40  Probe  
  55  6:41  Observer x2  
  55  6:43  Probe  
  55  6:45  Assimilator  
  59  6:48  Probe  
  59  6:49  Assimilator  
  60  6:55  Probe  
  60  6:57  Probe  
  62  7:07  Stalker x3, Probe  
  69  7:09  Probe  
  70  7:19  Probe  
  71  7:31  Probe  
  72  7:39  Probe  
  72  7:43  Probe  
  74  7:51  Probe  
  75  7:54  Nexus  
  75  7:55  Dark Shrine  
  75  7:59  Shield Battery  
  75  8:01  Shield Battery  
  75  8:03  Nexus  
  75  8:04  Observer  
  75  8:12  Observer  
  75  8:15  Probe x2  
  75  8:16  Pylon  
  77  8:27  Probe  
  78  8:34  Immortal, Probe  
  78  8:39  Probe  
  84  8:46  Probe  
  85  8:52  Probe  
  84  9:03  Probe  
  84  9:04  Immortal, Probe  
  84  9:09  Dark Shrine  
  78  9:14  Immortal  
  78  9:15  Probe  
  81  9:23  Probe  
  81  9:24  Probe x2  
  84  9:25  Assimilator  
  84  9:29  Assimilator, Probe  
  84  9:30  Assimilator  
  85  9:32  Assimilator  
  85  9:36  Probe x3  
  85  9:37  Observer  
  88  9:46  Pylon  
  88  9:48  Pylon  
  88  9:50  Observer  
  88  9:51  Pylon  
  88  9:54  Forge  
  88  9:56  Forge  
  88  10:21  Stalker  
  88  10:22  Stalker x2  
  94  10:29  Gateway  
  94  10:30  Gateway  
  94  10:32  Gateway  
  94  10:33  Gateway  
  94  10:35  Gateway  
  94  10:37  Stargate x2  
  94  10:38  Probe x3  
  97  11:01  Immortal x2  
  105  11:07  Stargate  
  105  11:17  Stargate  
  105  11:20  Stargate  
  105  11:23  Pylon  
  105  11:27  Void Ray  
  109  11:35  Observer  
  109  11:36  Probe x4  
  113  11:41  Immortal x2  
  113  11:45  Photon Cannon  
  113  11:47  Photon Cannon  
  117  11:48  Photon Cannon, Probe x2  
  117  11:49  Dark Templar x4  
  117  11:50  Dark Templar x4  
  135  12:10  Void Ray  
  135  12:13  Void Ray  
  135  12:14  Void Ray  
  147  12:26  Pylon  
  147  12:27  Pylon  
  147  12:32  Fleet Beacon  
  147  12:36  Pylon  
  147  12:38  Shadow Stride, Pylon  
  147  12:42  Pylon  
  147  12:44  Void Ray, Immortal  
  123  12:58  Dark Templar x2  
  123  12:59  Dark Templar x3  
  125  13:29  Void Ray x2  
  125  13:30  Void Ray x2  
  121  13:59  Immortal x2  
  129  14:11  Dark Templar  
  135  14:24  Zealot x4  
  139  14:25  Zealot x3  
  149  14:31  Pylon  
  149  14:36  Pylon  
  149  14:37  Void Ray, Pylon  
  153  14:38  Immortal  
  153  14:39  Pylon  
  153  14:41  Pylon  
  153  14:43  Pylon  
  153  14:52  Protoss Ground Weapons Level 1, Protoss Shields Level 1  
  153  14:59  Nexus  
  153  15:01  Assimilator  
  153  15:06  Assimilator  
  153  15:10  Pylon  
  153  15:16  Nexus  
  153  15:20  Assimilator  
  145  15:24  Assimilator  
  141  15:29  Stalker x4  
  141  15:30  Stalker x4  
  155  15:44  Tempest  
  155  15:45  Tempest x3  
  175  15:50  Anion Pulse-Crystals  
  175  16:27  Tempest x2  
  175  16:28  Tempest x2  
  175  16:31  Forge  
  195  16:45  Unknown  
  195  17:10  Tempest, Pylon  
  195  17:13  Pylon  
Tags
 
Add a new tag
Caveats
  • Supply blocks, unpowered buildings, or Contaminate may cause inaccurate times.
  • Supply counts are checked every 10 seconds.